 Dungeon Sprint DCSS version 0.27-a0-988-g25969acef8 (webtiles) character file.

Game seed: 16533236007681076837

28 mhtbhm the Digger (level 3, -6/19 HPs)
             Began as a Deep Elf Earth Elementalist on Apr 15, 2021.
             Mangled by a manticore (25 damage)
             ... in the Dungeon (Sprint VII: "The Pits").
             The game lasted 00:00:13 (26 turns).

mhtbhm the Digger (Deep Elf Earth Elementalist)       Turns: 26, Time: 00:00:13

Health: -6/19      AC:  2    Str:  5    XL:     3   Next: 0%
Magic:  2/11       EV: 13    Int: 20    God:
Gold:   0          SH:  0    Dex: 15    Spells: 10/11 levels left

rFire    . . .     SeeInvis .   (no weapon)
rCold    . . .     Faith    .   (no shield)
rNeg     . . .     Spirit   .   c - +0 robe
rPois    .         Reflect  .   (no helmet)
rElec    .         Harm     .   (no cloak)
rCorr    .         Rampage  .   (no gloves)
Will     .....     NoTele   +   (no boots)
Stlth    ++........             (no amulet)
HPRegen  0.06/turn              (no ring)
MPRegen  0.12/turn              (no ring)

@: no status effects
A: no striking features
a: no special abilities


You were in the Dungeon.
You visited 1 branch

Inventory:

Missiles
 b - 25 stones
Armour
 c - a +0 robe (worn)
Scrolls
 i - a scroll of blinking
Potions
 d - a potion of curing
 e - a potion of heal wounds
 f - a potion of haste
 g - 2 potions of magic
 h - a potion of berserk rage


   Skills:
 + Level 3.4 Dodging
 + Level 3.3 Stealth
 + Level 4.6 Spellcasting
 + Level 1.2 Transmutations
 + Level 6.0 Earth Magic


You had 10 spell levels left.
You knew the following spells:

 Your Spells              Type           Power      Damage    Failure   Level
a - Sandblast             Erth           56%        2d13      1%          1

Your spell library contained the following spells:

 Spells                   Type           Power      Damage    Failure   Level
 Passwall                 Tmut/Erth      15%        N/A       4%          2
 Stone Arrow              Conj/Erth      32%        3d9       11%         3
 Petrify                  Tmut/Erth      19%        N/A       26%         4
 Lee's Rapid Deconstruct  Erth           14%        3d10*     28%         5


Dungeon Overview and Level Annotations

Branches:
Dungeon (1/1)

Altars:


Message History

Your Earth Magic skill gained 3 levels and is now at level 6!
You have reached level 2!
You have reached level 3!
Your experience leads to an increase in your attributes!
Increase (S)trength, (I)ntelligence, or (D)exterity?
You feel clever.
Unknown command.
Unknown command.
You start resting.
A manticore comes into view.
Casting: Sandblast (safe; 1% risk of failure)
Confirm with . or Enter, or press ? or * to list all spells.
Aiming: Sandblast (safe; 1% risk of failure)
Press: ? - help, Shift-Dir - straight line, f - manticore
Aim: a manticore (wandering, hasn't noticed you, 88% to hit)
The blast of sand hits the manticore.
The manticore is lightly wounded.
You hear a shout!
Unknown command.
Casting: Sandblast (safe; 1% risk of failure)
Confirm with . or Enter, or press ? or * to list all spells.
Aiming: Sandblast (safe; 1% risk of failure)
Press: ? - help, Shift-Dir - straight line, f/p - manticore
Aim: a manticore (lightly wounded, 88% to hit)
The blast of sand hits the manticore but does no damage.
The manticore is lightly wounded.
An orc priest comes into view. It is wielding a +0 club.
Unknown command.
Unknown command.
Casting: Sandblast (safe; 1% risk of failure)
Confirm with . or Enter, or press ? or * to list all spells.
Aiming: Sandblast (safe; 1% risk of failure)
Press: ? - help, Shift-Dir - straight line, f/p - manticore
Aim: a manticore (lightly wounded, 88% to hit)
The blast of sand hits the manticore!
The manticore is moderately wounded.
An orc priest comes into view. It is wielding a +0 club.
The manticore bites you!!
Ouch! That really hurt!
You die...

##########++######
#................#
#......#..#......#
#................+
+................+
#......#..#......#
#.......@H.......#
####'#####oo######
#.......##''#
#.......##..#
#.......##..#
#...<...##o.#
#.......##..#
#.......##..#
#.......#


You could see a manticore and 2 orc priests.

Vanquished Creatures
  An orc priest (D)
1 creature vanquished.

Notes
Turn   | Place    | Note
-------+----------+-------------------------------------------
     0 | D        | mhtbhm the Deep Elf Earth Elementalist began the quest for
                  | the Orb.
     0 | D        | Reached XP level 1. HP: 10/10 MP: 6/6
    11 | D        | Noticed an orc priest
    17 | D        | Killed an orc priest
    18 | D        | Reached skill level 6 in Earth Magic
    18 | D        | Reached XP level 2. HP: 15/15 MP: 4/9
    18 | D        | Reached XP level 3. HP: 19/19 MP: 4/11
    23 | D        | Noticed a manticore
    26 | D        | Mangled by a manticore

Illustrated notes

Levels and vault maps discovered:
D:        pitsprint [storerooms_1, entrance_room_1, metal_vault_3, armoury_2,
          mini_pit_1, grid_room_1, main_hall_1, silver_pit, the_coven_3,
          the_vestibule_1, steel_vault_2, golden_pit, hallway_of_sentries,
          crystal_vault_6, iron_vault_2, final_vault]

Skill      XL: |  1 |
---------------+----+-----
Dodging        | 3 |  3.4
Stealth        | 3 |  3.3
Spellcasting   | 4 |  4.6
Earth Magic    | 6 |  6.0
Transmutations | |  1.2

Action                   || total
-------------------------++-------
 Cast: Sandblast         ||     5

Table legend: (Time is in decaauts)
 A = Elapsed time spent in this place.
 B = Non-inter-level travel time spent in this place.
 C = Inter-level travel time spent in this place.
 D = Time resting spent in this place.
 E = Time spent auto-exploring this place.
 F = Levels seen in this place.
 G = Mean time per level.
                   A        B        C        D        E       F      G
               +--------+--------+--------+--------+--------+-----+--------+
         Total |     26 |     26 |      0 |      9 |     11 |   1 |   26.0 |
       Dungeon |     26 |     26 |      0 |      9 |     11 |   1 |   26.0 |
               +--------+--------+--------+--------+--------+-----+--------+

Top non-repeatable levels by time:
       D: 26 daAuts
